 Dungeon Crawl Stone Soup version 0.18-a0-970-g1d4962a (webtiles) character file.

1737 Oddball22 the Skirmisher (level 8, -6/67 HPs)
             Began as a Demonspawn Artificer on Jan 2, 2016.
             Killed from afar by a gnoll shaman (17 damage)
             ... with an exploding inner flame
             ... hexed by the player character
             ... on level 5 of the Dungeon.
             The game lasted 00:17:26 (7698 turns).

Oddball22 the Skirmisher (Demonspawn Artificer)     Turns: 7698, Time: 00:17:27

Health: -6/67      AC: 11    Str: 12    XL:     8   Next: 76%
Magic:  10/10      EV: 14    Int: 14    God:
Gold:   199        SH:  0    Dex: 17    Spells: 0 memorised, 7 levels left

rFire  + . .     SeeInvis .     w - +5 quarterstaff (chaos)
rCold  . . .     Gourm    .     h - +1 ring mail {rF+}
rNeg   . . .     Faith    .     (shield currently unavailable)
rPois  .         Spirit   .     q - +2 helmet
rElec  .         Dismiss  .     t - +0 cloak
rCorr  .         Reflect  .     (no gloves)
SustAt .         Harm     .     (no boots)
MR     .....                    (no amulet)
Stlth  +.........               (no ring)
                                (no ring)

@: not resistant to hostile enchantments, very unstealthy
A: claws 2, agile 1, foul stench 1, evolution 1, rot immunity
a: no special abilities


You were on level 5 of the Dungeon.
You were not hungry.

You visited 1 branch of the dungeon, and saw 5 of its levels.

You collected 199 gold pieces.

Inventory:

Hand Weapons
 a - a +0 short sword
 p - a +2 whip of freezing
 w - a +5 quarterstaff of chaos (weapon)
 y - a +0 scythe
 C - a +2 dagger of venom
Armour
 h - a +1 ring mail of fire resistance (worn)
 i - a cursed +0 robe
 o - a cursed -2 robe
 q - a +2 helmet (worn)
 t - a +0 cloak (worn)
Wands
 c - a wand of flame (0/48)
 d - a wand of enslavement (9/24)
 e - a wand of random effects (0/48)
 j - a wand of fireball (2/15)
 u - a wand of digging (10/24)
 A - a wand of slowing (0/48)
 E - a wand of slowing (12/48)
Scrolls
 k - 4 scrolls of identify
 n - 3 scrolls of teleportation
 r - a scroll of enchant armour
 s - a scroll of enchant weapon
Potions
 b - 2 potions of cancellation
Books
 z - a book of Changes

   Spells                             Type                      Level
   a - Beastly Appendage              Transmutation                1
   b - Sticks to Snakes               Transmutation                2
   c - Spider Form                    Transmutation/Poison         3
   d - Ice Form                       Ice/Transmutation            4
   e - Blade Hands                    Transmutation                5
Comestibles
 f - 4 bread rations
 l - 4 fruits
 m - 2 meat rations
 x - a beef jerky
 B - a chunk of flesh


   Skills:
 + Level 7.0 Fighting
 - Level 0.8 Short Blades
 + Level 5.6 Armour
 + Level 5.8 Dodging
 - Level 0.8 Stealth
 - Level 3.0 Evocations


You had 7 spell levels left.
You didn't know any spells.

Dungeon Overview and Level Annotations

Branches:
Dungeon (5/15)
 Temple: D:4-7

Altars:
Cheibriados
Elyvilon
Gozag
Kikubaaqudgha
Nemelex Xobeh
Trog
Yredelemnul
The Shining One


Innate Abilities, Weirdness & Mutations

You have very sharp fingernails.
You may emit foul miasma when damaged in melee.
You are immune to rotting.
You are agile. (Dex +2)
You evolve.


Message History

Drink which item? (? for menu, Esc to quit)
Okay, then.
You barely miss the gnoll shaman.
The gnoll shaman is severely wounded.
The gnoll shaman barely misses you. The gnoll barely misses you.
The gnoll shaman calls upon its god to speed up the gnoll.
The gnoll seems to speed up.
You hit the gnoll shaman. You freeze the gnoll shaman.
The gnoll shaman explodes!
The fiery explosion engulfs the gnoll.
The gnoll explodes!
The fiery explosion engulfs the gnoll.
The gnoll explodes!
The fiery explosion engulfs the gnoll.
The gnoll explodes!
The fiery explosion engulfs the gnoll.
The gnoll explodes!
Your Fighting skill increases to level 7!
The fiery explosion engulfs you! You resist.
You die...

## ##### #.###.....###### ###
#...## #.§.§%.# #.. #####...#
###§@..### ### ..#
##.......###§§###...#####.##..#
........(.§§###
#.#....##.#...## .........§§##
#.###.....#..# # .......†(###
#.# ##.......# # .........# #.#
#.......# # ........... #..
#..###...### ##...........
......## ##..... #...##...####
....## ##....


There were no monsters in sight!

Vanquished Creatures
  Pikel (D:4)
  Grinder (D:5)
  Eustachio (D:5)
  Edmund (D:5)
  A phantom (D:5)
  An ice beast (D:5)
  An ogre (D:4)
  A centaur (D:5)
  A jelly (D:5)
  2 centaur skeletons (D:4)
  Crazy Yiuf (D:4)
  Ijyb (D:3)
  Terence (D:3)
  An orc wizard (D:4)
  Natasha (thrice) (D:2)
  4 worker ants
  2 hound skeletons
  Robin (D:2)
  6 gnolls
  10 adders
  2 oozes
  2 worms
  4 giant geckos
  12 orcs
  2 ball pythons (D:5)
  5 giant cockroaches
  16 hobgoblins
  A quokka (D:4)
  15 bats
  9 giant newts
  17 goblins
  15 kobolds
  A quokka skeleton (D:5)
  9 rats
151 creatures vanquished.

Vanquished Creatures (collateral kills)
  Sigmund (D:4)
1 creature vanquished.

Vanquished Creatures (others)
  2 slaves (D:4)
  A gnoll (D:4)
3 creatures vanquished.

Grand Total: 155 creatures vanquished

Notes
Turn   | Place    | Note
--------------------------------------------------------------
     0 | D:1      | Oddball22 the Demonspawn Artificer began the quest for the Orb.
     0 | D:1      | Reached XP level 1. HP: 15/15 MP: 3/3
   378 | D:1      | Gained mutation: You are immune to rotting. [demonic ancestry]
   378 | D:1      | Reached XP level 2. HP: 8/22 MP: 4/4
  1000 | D:1      | Gained mutation: You may emit foul miasma when damaged in melee. [demonic ancestry]
  1000 | D:1      | Reached XP level 3. HP: 9/28 MP: 5/5
  1670 | D:2      | Reached skill level 1 in Armour
  1703 | D:2      | Noticed Robin
  1947 | D:2      | Killed Robin
  2211 | D:2      | Gained mutation: You have sharp fingernails. [demonic ancestry]
  2211 | D:2      | Reached XP level 4. HP: 32/34 MP: 6/6
  2546 | D:2      | Noticed Natasha
  2564 | D:2      | Killed Natasha
  3168 | D:2      | Noticed Natasha
  3174 | D:2      | Killed Natasha
  3174 | D:2      | Reached XP level 5. HP: 39/42 MP: 7/7
  3188 | D:2      | Found a glowing golden altar of the Shining One.
  3493 | D:2      | Noticed Natasha
  3500 | D:2      | Killed Natasha
  3549 | D:3      | Reached skill level 4 in Fighting
  4262 | D:3      | Noticed Terence
  4405 | D:3      | Killed Terence
  4497 | D:3      | Noticed Ijyb
  4526 | D:3      | Killed Ijyb
  4526 | D:3      | Reached XP level 6. HP: 41/49 MP: 8/8
  4752 | D:3      | Found a sparkling altar of Nemelex Xobeh.
  4755 | D:3      | Found an ancient bone altar of Kikubaaqudgha.
  4761 | D:3      | Found an opulent altar of Gozag.
  5097 | D:4      | Noticed Pikel
  5098 | D:4      | Noticed a slave
  5098 | D:4      | Noticed a slave
  5099 | D:4      | Noticed a slave
  5099 | D:4      | Noticed a slave
  5099 | D:4      | Noticed Sigmund
  5178 | D:4      | Killed a freed slave
  5184 | D:4      | Killed a freed slave
  5225 | D:4      | Killed Sigmund
  5236 | D:4      | Gained mutation: You evolve. [potion of mutation]
  5236 | D:4      | Gained mutation: You are agile. (Dex +2) [potion of mutation]
  5273 | D:4      | Killed Pikel
  5273 | D:4      | Reached skill level 5 in Fighting
  5273 | D:4      | Reached XP level 7. HP: 8/56 MP: 9/9
  5806 | D:4      | Noticed Crazy Yiuf
  5809 | D:4      | Killed Crazy Yiuf
  6175 | D:4      | Found a basalt altar of Yredelemnul.
  6508 | D:5      | Entered Level 5 of the Dungeon
  6577 | D:5      | Noticed Grinder
  6589 | D:5      | Paralysed by Grinder for 2 turns
  6599 | D:5      | Killed Grinder
  6599 | D:5      | Reached skill level 6 in Fighting
  6599 | D:5      | Gained mutation: You have very sharp fingernails. [demonic ancestry]
  6599 | D:5      | Reached XP level 8. HP: 49/64 MP: 10/10
  6661 | D:5      | Reached skill level 5 in Dodging
  6687 | D:5      | Noticed Edmund
  6694 | D:5      | Killed Edmund
  6794 | D:5      | Reached skill level 5 in Armour
  6957 | D:5      | Found a bloodstained altar of Trog.
  7030 | D:5      | Noticed Eustachio
  7039 | D:5      | Killed Eustachio
  7297 | D:5      | Found a white marble altar of Elyvilon.
  7354 | D:5      | Found a snail-covered altar of Cheibriados.
  7691 | D:5      | HP: 2/65 [gnoll/halberd (5)]
  7698 | D:5      | Reached skill level 7 in Fighting
  7698 | D:5      | Killed from afar by a gnoll shaman

Vault maps used:
D:1:      nagdon_arrival_double_spiral, minmay_misc_feat_secret_circle
D:2:      tso_oasis_becter, minmay_misc_feat_room, minmay_misc_feat_tower,
          uniq_natasha, uniq_robin
D:3:      minitemple, uniq_iyjb, uniq_terence
D:4:      marbit_many_paths, serial_forest, infiniplex_forest_lined_room_3,
          infiniplex_forest_straight_4, infiniplex_forest_lined_2,
          infiniplex_forest_end_2, infiniplex_forest_straight_2,
          infiniplex_forest_clump_diagonal, infiniplex_forest_lined_ring,
          first_bread, roderic_aztec_sauvastika, uniq_crazy_yiuf_cottage,
          uniq_pikel, uniq_sigmund
D:5:      corexii_shack_village, kennysheep_mini_moat,
          lemuel_coloured_pillars_altar, portal_sewer_entry_b,
          cheibriados_altar_wand_db, uniq_edmund, uniq_grinder, uniq_eustachio

Action                   |  1- 3 |  4- 6 |  7- 9 || total
-------------------------+-------+-------+-------++-------
Melee: Short sword       |   220 |   235 |       ||   455
       Whip              |       |    12 |       ||    12
       Scythe            |       |     7 |    22 ||    29
       Quarterstaff      |       |       |   173 ||   173
Evoke: Wand              |     5 |    32 |     2 ||    39
  Use: Scroll            |       |     5 |     3 ||     8
       Potion            |       |     7 |     2 ||     9
 Stab: Sleeping          |       |     1 |       ||     1
       Paralysed         |       |       |     2 ||     2
  Eat: Chunk             |     4 |    10 |     8 ||    22
       Beef jerky        |       |       |     1 ||     1
